 Dungeon Sprint DCSS version 0.21.1-1-g345015f (webtiles) character file.

619 Fang the Fighter (level 7, -21/112 HPs)
             Began as a Minotaur Berserker on June 14, 2018.
             Was a High Priest of Trog.
             Demolished by a merfolk
             ... wielding a +0 trident
              (22 damage)
             ... in the Dungeon (Sprint V: "Ziggurat Sprint").
             The game lasted 00:01:43 (482 turns).

Fang the Fighter (Minotaur Berserker)                Turns: 482, Time: 00:01:44

Health: -21/112    AC:  9    Str: 34    XL:     7   Next: 21%
Magic:  6/6        EV: 14    Int:  4    God:    Trog [*****.]
Gold:   0          SH:  0    Dex: 10    Spells: 6/6 levels left

rFire    . . .     SeeInvis .   b - +2 hand axe (distort)
rCold    . . .     Gourm    .   (no shield)
rNeg     . . .     Faith    .   C - +1 leather armour {rPois}
rPois    +         Spirit   .   (helmet restricted)
rElec    .         Reflect  .   (no cloak)
rCorr    .         Harm     .   A - +3 pair of gauntlets of War {Slay+5}
MR       .....     NoTele   +   (no boots)
Stlth    ..........             (no amulet)
HPRegen  0.28/turn              G - ring of flight
MPRegen  0.10/turn              F - +6 ring of strength

@: berserking, very quick
A: retaliatory headbutt, horns 2
a: Berserk, Trog's Hand, Brothers in Arms, Burn Spellbooks, Renounce Religion,
Evoke Flight


You were in the Dungeon.
You worshipped Trog.
Trog was extremely pleased with you.
You were not hungry.

You visited 1 branch

Inventory:

Hand Weapons
 b - a +2 hand axe of distortion (weapon)
 k - a +5 executioner's axe
Armour
 j - +5 shadow dragon scales
 A - the +3 pair of gauntlets of War (worn) {Slay+5}
   (You found it in the Dungeon)

   It affects your accuracy and damage with ranged weapons and melee attacks
   (+5).
 C - a +1 leather armour of poison resistance (worn)
Jewellery
 a - an uncursed ring of fire
 F - a +6 ring of strength (right hand)
 G - a ring of flight (left hand)
Wands
 x - a wand of disintegration (7)
 y - a wand of iceblast (7)
 z - a wand of acid (7)
Scrolls
 i - 4 scrolls of blinking
 m - 7 scrolls of fog
 n - a scroll of holy word
 o - 5 scrolls of identify
 p - 5 scrolls of remove curse
 q - 2 scrolls of fear
Potions
 d - 10 potions of curing
 e - 10 potions of heal wounds
 f - 6 potions of haste
 g - 7 potions of magic
 h - 3 potions of berserk rage
 r - 2 potions of brilliance
 s - 2 potions of invisibility
 t - 4 potions of resistance
 u - a potion of experience
 v - 5 potions of agility
 w - 5 potions of might
Miscellaneous
 B - a box of beasts
Comestibles
 c - 7 rations
 l - a chunk of flesh


   Skills:
 + Level 11.9 Fighting
 + Level 11.8(11.9) Axes
   Level 3.0(8.2) Polearms
 + Level 6.6 Armour
 + Level 6.0 Dodging


You had 6 spell levels left.
You didn't know any spells.

Dungeon Overview and Level Annotations

Branches:
Dungeon (1/1)

Altars:
Ashenzari
Cheibriados
Dithmenos
Elyvilon
Fedhas
Gozag
Hepliaklqana
Kikubaaqudgha
Makhleb
Nemelex Xobeh
Okawaru
Qazlal
Ru
Sif Muna
Trog
Uskayaw
Vehumet
Wu Jian
Xom
Yredelemnul
Zin
The Shining One
Beogh
Jiyva
Lugonu


Innate Abilities, Weirdness & Mutations

You reflexively headbutt those who attack you in melee.
You have a pair of horns on your head.


Message History

You struggle against the net.
The merfolk throws a tomahawk.
The tomahawk barely misses you.
You struggle against the net.
You struggle against the net.
The merfolk hits you from afar with a trident! x2
The centaur shoots an arrow.
The arrow hits you.
* * * LOW HITPOINT WARNING * * *
You rip the net and break free!
The merfolk closely misses you. x2
The merfolk completely misses you.
The centaur shoots an arrow.
The arrow hits you.
* * * LOW HITPOINT WARNING * * *
A red film seems to cover your vision as you go berserk!
You feel yourself moving faster!
You feel mighty!
You feel a lot more hungry. The merfolk completely misses you.
The merfolk hits you from afar with a trident!
* * * LOW HITPOINT WARNING * * *
The merfolk hits you from afar with a trident!
* * * LOW HITPOINT WARNING * * *
The merfolk hits you from afar with a trident!!
You die...

▓..:):..▓
▓..}|}..▓
▓.......▓
▓.......▓
▓...H...▓
▓.mmmm..▓
▓....c..▓
▓...@...▓
▓▓▓▓▓▓▓▓▓


You could see 4 merfolk, a hippogriff and a centaur.

Vanquished Creatures
  A guardian mummy (D)
  A water moccasin (D)
  An eye of draining (D)
  A jelly (D)
  A mummy (D)
  6 adders (D)
  An ufetubus (D)
  An ooze (D)
  2 ball pythons (D)
  A leopard gecko zombie (D)
  A quokka zombie (D)
17 creatures vanquished.

Vanquished Creatures (others)
  An eye of draining (D)
1 creature vanquished.

Grand Total: 18 creatures vanquished

Notes
Turn   | Place    | Note
-------+----------+-------------------------------------------
     0 | D        | Found the +6 Majin-Bo {vamp, Archmagi MP+6 Int+6}
     0 | D        | Found the +7 great mace "Firestarter" {inner flame, rF++}
     0 | D        | Fang the Minotaur Berserker began the quest for the Orb.
     0 | D        | Reached XP level 1. HP: 19/19 MP: 0/0
     3 | D        | Found a blossoming altar of Fedhas.
     4 | D        | Found a viscous altar of Jiyva.
     4 | D        | Found a hazy altar of Hepliaklqana.
     4 | D        | Found a transporter.
     4 | D        | Found an opulent altar of Gozag.
     4 | D        | Found an ancient bone altar of Kikubaaqudgha.
     4 | D        | Found a corrupted altar of Lugonu.
    12 | D        | Found a burning altar of Makhleb.
    13 | D        | Found a stormy altar of Qazlal.
    13 | D        | Found a sacrificial altar of Ru.
    13 | D        | Found an iron altar of Okawaru.
    13 | D        | Found a deep blue altar of Sif Muna.
    13 | D        | Found a sparkling altar of Nemelex Xobeh.
    13 | D        | Found a bloodstained altar of Trog.
    77 | D        | Entered arena 2.
    77 | D        | Noticed a guardian mummy
    77 | D        | Found a transporter.
    81 | D        | Killed a guardian mummy
    81 | D        | Reached skill level 1 in Polearms
    81 | D        | Reached skill level 5 in Armour
    81 | D        | Reached XP level 2. HP: 37/37 MP: 1/1
    81 | D        | Reached XP level 3. HP: 44/44 MP: 2/2
    81 | D        | Reached XP level 4. HP: 50/50 MP: 3/3
    81 | D        | Reached XP level 5. HP: 57/57 MP: 4/4
   112 | D        | Entered arena 3.
   112 | D        | Found a transporter.
   113 | D        | Found the +3 pair of gauntlets of War {Slay+5}
   114 | D        | Reached ** piety under Trog
   132 | D        | Entered arena 4.
   132 | D        | Noticed an eye of draining
   132 | D        | Noticed an eye of draining
   132 | D        | Found a transporter.
   135 | D        | Reached *** piety under Trog
   135 | D        | Reached skill level 10 in Fighting
   135 | D        | Reached skill level 10 in Axes
   135 | D        | Reached skill level 5 in Dodging
   135 | D        | Reached XP level 6. HP: 66/66 MP: 2/5
   186 | D        | Entered arena 5.
   186 | D        | Noticed a water moccasin
   186 | D        | Found a transporter.
   190 | D        | Reached **** piety under Trog
   192 | D        | Killed a water moccasin
   192 | D        | Reached XP level 7. HP: 73/74 MP: 6/6
   197 | D        | Reached ***** piety under Trog
   448 | D        | Entered arena 6.
   448 | D        | Found a transporter.
   452 | D        | Received a gift from Trog
   475 | D        | Entered arena 7.
   475 | D        | Noticed a merfolk
   475 | D        | Noticed a hippogriff
   475 | D        | Noticed a merfolk
   475 | D        | Noticed a merfolk
   475 | D        | Noticed a merfolk
   482 | D        | HP: 1/112 [merfolk/trident (13)]
   482 | D        | Demolished by a merfolk

Skill      XL: |  1  2  3  4  5  6  7 |
---------------+----------------------+-----
Fighting       | 9 10 11 | 11.9
Axes           | 9 10 11 | 11.8
Polearms       | 1 3 |  3.0
Armour         | 5 6 |  6.6
Dodging        | 4 5 6 |  6.0

Action                   |  1- 3 |  4- 6 |  7- 9 || total
-------------------------+-------+-------+-------++-------
Melee: Demon trident     |     3 |     1 |       ||     4
       Headbutt          |     1 |     2 |     2 ||     5
       Hand axe          |       |    13 |     3 ||    16
Invok: Berserk           |     1 |     1 |     1 ||     3
       Burn Spellbooks   |       |       |     2 ||     2
  Eat: Chunk             |       |       |     1 ||     1
Armor: Shadow dragon sca |     1 |     3 |     1 ||     5
       Leather armour    |       |       |     1 ||     1
Dodge: Dodged            |       |     3 |     9 ||    12
